 Dungeon Sprint DCSS version 0.20-a0-871-g785f14b (webtiles) character file.

2943 hittemvvvvhard the Impaler (level 9, -5/83 HPs)
             Began as a Merfolk Berserker on Mar 14, 2017.
             Was an Elder of Trog.
             Slain by a centaur warrior (12 damage)
             ... in the Dungeon (Sprint I: "Red Sonja").
             The game lasted 00:05:29 (1597 turns).

hittemvvvvhard the Impaler (Merfolk Berserker)      Turns: 1597, Time: 00:05:29

Health: -5/83      AC:  2    Str: 17    XL:     9   Next: 80%
Magic:  9/9        EV: 23    Int:  7    God:    Trog [****..]
Gold:   310        SH:  0    Dex: 16    Spells: 8/8 levels left

rFire    . . .     SeeInvis .   a - +0 scythe
rCold    . . .     Gourm    .   b - +0 animal skin
rNeg     . . .     Faith    .   (shield currently unavailable)
rPois    .         Spirit   .   (no helmet)
rElec    .         Reflect  .   (no cloak)
rCorr    .         Harm     .   (no gloves)
MR       .....     NoTele   +   (no boots)
Stlth    +.........             (no amulet)
Regen    0.3/turn               (no ring)
MPRegen  0.2/turn               (no ring)

@: exhausted, very slightly contaminated, starving, hasted and slowed
A: change form in water, swift swim, stealthy swim
a: Berserk, Trog's Hand, Brothers in Arms, Burn Spellbooks, Renounce Religion


You were in the Dungeon.
You worshipped Trog.
Trog was greatly pleased with you.
You were starving.

You visited 1 branch You collected 830 gold pieces.
You spent 520 gold pieces at shops.

Inventory:

Hand Weapons
 a - a +0 scythe (weapon)
 c - a +8 blowgun
 j - a +0 spear
Missiles
 i - 4 curare-tipped needles
 k - 3 needles of confusion
Armour
 b - a +0 animal skin (worn)
Scrolls
 h - a scroll of identify {unknown}
Potions
 d - 3 potions of curing
 g - 2 potions of magic
 l - 2 potions of mutation {unknown}


   Skills:
 + Level 12.5 Fighting
 * Level 20.3 Polearms
 - Level 1.8 Armour
 + Level 13.9 Dodging


You had 8 spell levels left.
You didn't know any spells.

Dungeon Overview and Level Annotations

Branches:
Dungeon (1/1)

Altars:
Cheibriados
Dithmenos
Elyvilon
Fedhas
Gozag
Hepliaklqana
Kikubaaqudgha
Makhleb
Nemelex Xobeh
Okawaru
Qazlal
Ru
Sif Muna
Trog
Uskayaw
Vehumet
Wu Jian
Xom
Yredelemnul
Zin
The Shining One
Jiyva
Lugonu

Shops:
D ?(


Message History

The centaur warrior misses you. The centaur warrior closely misses you.
You feel yourself speed up. The centaur warrior closely misses you.
The centaur warrior hits you! x2
* * * LOW HITPOINT WARNING * * *
The centaur warrior hits you!
* * * LOW HITPOINT WARNING * * *
You are very lightly contaminated with residual magic.
The centaur warrior completely misses you. x2
The centaur warrior misses you.
There is an open door here.
You slash the centaur warrior!
The centaur warrior is severely wounded.
The centaur warrior misses you. The centaur warrior hits you.
* * * LOW HITPOINT WARNING * * *
You slash the centaur warrior!
You kill the centaur warrior!
Trog accepts your kill.
Your Polearms skill increases to level 20!
The centaur warrior hits you!
You die...

..').#..'[.#..'^.+..#...##+#
..#####'#####'#__####...s..#
..####..#...#[####§$#####..+
..#__####..##.#§§§§.# ##
..#_____##)#_.+§≈§§.+
⌠⌠#_.∩...'..._#§≈≈.
###_..__##_.#+##§###
#_____###'# #§§c[#
###########.####@###
∩.[......'...'.....+
##++++####...####### ###.###
#.#'#.# #.....# #..)(.#
#######


You could see a centaur warrior.

Vanquished Creatures
  A centaur warrior (D)
  Sonja (D)
  A deep troll (D)
  2 kobold demonologists (D)
  A slime creature (D)
  A yak (D)
  Sigmund (D)
  A floating eye (D)
  An ogre (D)
  A jelly (D)
  Ijyb (D)
  A ballistomycete (D)
13 creatures vanquished.

Vanquished Creatures (others)
  A gargoyle (D)
  2 ballistomycete spores (D)
3 creatures vanquished.

Grand Total: 16 creatures vanquished

Notes
Turn   | Place    | Note
-------+----------+-------------------------------------------
     0 | D        | hittemvvvvhard the Merfolk Berserker began the quest for the Orb.
     0 | D        | Reached XP level 1. HP: 18/18 MP: 1/1
     1 | D        | Noticed Ijyb
    24 | D        | Killed Ijyb
    24 | D        | Reached skill level 5 in Fighting
    24 | D        | Reached skill level 6 in Polearms
    24 | D        | Reached XP level 2. HP: 3/27 MP: 2/2
    24 | D        | Reached XP level 3. HP: 4/33 MP: 3/3
   178 | D        | Killed a gargoyle
   287 | D        | Noticed an ogre
   294 | D        | Killed an ogre
   294 | D        | Reached skill level 10 in Polearms
   294 | D        | Reached skill level 5 in Dodging
   294 | D        | Reached XP level 4. HP: 41/41 MP: 4/4
   350 | D        | Noticed Sigmund
   356 | D        | Killed Sigmund
   356 | D        | Reached ** piety under Trog
   356 | D        | Reached skill level 12 in Polearms
   356 | D        | Reached XP level 5. HP: 49/49 MP: 5/5
   356 | D        | Reached XP level 6. HP: 56/56 MP: 6/6
   408 | D        | Found a deep blue altar of Sif Muna.
   409 | D        | Found an ornate altar of the Wu Jian Council.
   410 | D        | Found a radiant altar of Vehumet.
   441 | D        | Found Foeghid's Weapon Emporium.
   441 | D        | Found an ancient bone altar of Kikubaaqudgha.
   441 | D        | Found a hazy altar of Hepliaklqana.
   441 | D        | Found a hide-covered altar of Uskayaw.
   441 | D        | Found a basalt altar of Yredelemnul.
   441 | D        | Found an opulent altar of Gozag.
   441 | D        | Found a snail-covered altar of Cheibriados.
   441 | D        | Found a sacrificial altar of Ru.
   441 | D        | Found a shadowy altar of Dithmenos.
   441 | D        | Noticed a yak
   445 | D        | Killed a yak
   445 | D        | Reached skill level 14 in Polearms
   541 | D        | Found a stormy altar of Qazlal.
   541 | D        | Found a blossoming altar of Fedhas.
   541 | D        | Found a bloodstained altar of Trog.
   541 | D        | Found an iron altar of Okawaru.
   541 | D        | Found a glowing golden altar of the Shining One.
   541 | D        | Found a glowing silver altar of Zin.
   541 | D        | Found a white marble altar of Elyvilon.
   544 | D        | Found a sparkling altar of Nemelex Xobeh.
   576 | D        | Found a viscous altar of Jiyva.
   576 | D        | Found a corrupted altar of Lugonu.
   576 | D        | Noticed a slime creature
   577 | D        | Found a burning altar of Makhleb.
   577 | D        | Found a shimmering altar of Xom.
   582 | D        | Killed a slime creature
   582 | D        | Reached *** piety under Trog
   582 | D        | Reached skill level 15 in Polearms
   582 | D        | Reached skill level 10 in Dodging
   582 | D        | Reached XP level 7. HP: 42/64 MP: 7/7
   701 | D        | Noticed a kobold demonologist
   703 | D        | Paralysed by a floating eye for 4 turns
   704 | D        | Noticed a kobold demonologist
   705 | D        | Noticed an orange demon
   710 | D        | Noticed a chaos spawn
   712 | D        | Killed a kobold demonologist
   712 | D        | Reached skill level 10 in Fighting
   712 | D        | Reached skill level 16 in Polearms
   712 | D        | Reached XP level 8. HP: 66/73 MP: 8/8
   714 | D        | Killed a kobold demonologist
   714 | D        | Reached **** piety under Trog
   714 | D        | Reached skill level 17 in Polearms
   905 | D        | Noticed a demonic crawler
   905 | D        | Noticed a demonic crawler
   905 | D        | Noticed a demonic crawler
   905 | D        | Noticed a demonic crawler
  1088 | D        | Noticed Sonja
  1097 | D        | Killed Sonja
  1097 | D        | Received a gift from Trog
  1097 | D        | Reached skill level 18 in Polearms
  1097 | D        | Reached XP level 9. HP: 68/81 MP: 9/9
  1326 | D        | Found Vueq Rukk's Magic Scroll Boutique.
  1334 | D        | Bought a scroll of acquirement for 520 gold pieces
  1562 | D        | Noticed a deep troll
  1570 | D        | Killed a deep troll
  1570 | D        | Reached skill level 19 in Polearms
  1589 | D        | Noticed a centaur warrior
  1591 | D        | Noticed a centaur warrior
  1597 | D        | Killed a centaur warrior
  1597 | D        | Reached skill level 20 in Polearms
  1597 | D        | Slain by a centaur warrior

Vault maps used:
D:        dungeon_sprint_1

Skill      XL: |  1  2  3  4  5  6  7  8  9 |
---------------+----------------------------+-----
Fighting       | 5 6 7 9 10 11 12 | 12.5
Polearms       | 6 10 12 15 16 18 20 | 20.3
Dodging        | 3 5 7 10 11 12 13 | 13.9
Armour         | |  1.8

Action                   |  1- 3 |  4- 6 |  7- 9 || total
-------------------------+-------+-------+-------++-------
Melee: Spear             |    27 |     5 |       ||    32
       Scythe            |       |    12 |    28 ||    40
Invok: Berserk           |     2 |     1 |     3 ||     6
       Trog's Hand       |       |       |     3 ||     3
  Use: Scroll            |       |       |     2 ||     2
       Potion            |       |       |     3 ||     3
  Eat: Chunk             |       |       |     2 ||     2
       Bread ration      |       |       |     1 ||     1
Armor: Animal skin       |     1 |       |       ||     1
Dodge: Dodged            |     9 |     8 |    43 ||    60
